 Dungeon Crawl Stone Soup version 0.27.1-3-gb3d3a73c9e (console) character file.

Game seed: 4455809390942766405

51 thromnambular the Insei (level 3, -5/28 HPs)
             Began as a Gnoll Transmuter on Oct 17, 2021.
             Was a Believer of Lugonu.
             Slain by Natasha (8 damage)
             ... on level 2 of the Dungeon.
             The game lasted 00:07:33 (2024 turns).

thromnambular the Insei (Gnoll Transmuter)          Turns: 2024, Time: 00:07:34

Health: -5/28      AC:  3    Str:  9    XL:     3   Next: 81%
Magic:  9/9        EV: 13    Int: 13    God:    Lugonu [**....]
Gold:   76         SH:  0    Dex: 12    Spells: 9/12 levels left

rFire    . . .     SeeInvis .     - Unarmed
rCold    . . .     Faith    .   (no shield)
rNeg     . . .     Spirit   .   a - +0 robe
rPois    .         Reflect  .   (helmet currently unavailable)
rElec    .         Harm     .   j - +0 cloak
rCorr    .         Rampage  .   (no gloves)
Will     .....                  (boots currently unavailable)
Stlth    ++........             (no amulet)
HPRegen  0.09/turn              (no ring)
MPRegen  0.11/turn              (no ring)

@: appendages
A: horns 2, talons 2, fangs 1, strong nose, distributed training
a: End Transformation, Renounce Religion, Depart the Abyss, Bend Space


You were on level 2 of the Dungeon.
You worshipped Lugonu.
Lugonu was pleased with you.
You had temporarily grown beastly horns and talons.
You visited 1 branch of the dungeon, and saw 2 of its levels.

You collected 76 gold pieces.

Inventory:

Armour
 a - a +0 robe (worn)
 j - a +0 cloak (worn)
Scrolls
 b - a scroll of noise {unknown}
 c - a scroll of identify {unknown}
 d - a scroll of magic mapping {unknown}
 e - a scroll of teleportation
 f - 2 scrolls of amnesia
 h - 2 scrolls of enchant armour {unknown}
Potions
 g - a potion of heal wounds {unknown}
 i - a potion of invisibility {unknown}
 k - a potion of mutation {unknown}


   Skills:
 + Level 2.6 Fighting
 + Level 1.0 Short Blades
 + Level 1.0 Long Blades
 + Level 1.0 Axes
 + Level 1.0 Maces & Flails
 + Level 1.0 Polearms
 + Level 1.0 Staves
 + Level 1.0 Slings
 + Level 1.0 Bows
 + Level 1.0 Crossbows
 + Level 1.0 Throwing
 + Level 1.0 Armour
 + Level 4.6 Dodging
 + Level 1.0 Stealth
 + Level 1.0 Shields
 + Level 6.5 Unarmed Combat
 + Level 5.0 Spellcasting
 + Level 0.7 Conjurations
 + Level 0.7 Hexes
 + Level 0.7 Summonings
 + Level 0.7 Necromancy
 + Level 0.7 Translocations
 + Level 3.8 Transmutations
 + Level 0.7 Fire Magic
 + Level 0.7 Ice Magic
 + Level 0.7 Air Magic
 + Level 0.7 Earth Magic
 + Level 0.7 Poison Magic
 + Level 1.0 Invocations
 + Level 1.0 Evocations


You had 9 spell levels left.
You knew the following spells:

 Your Spells              Type           Power      Damage    Failure   Level
a - Beastly Appendage     Tmut           26%        N/A       4%          1
b - Wereblood             Tmut           13%        N/A       6%          2

Your spell library contained the following spells:

 Spells                   Type           Power      Damage    Failure   Level
 Spider Form              Tmut/Pois      4%         N/A       22%         3
 Ice Form                 Ice/Tmut       9%         N/A       58%         4


Dungeon Overview and Level Annotations

Branches:
Dungeon (2/15)

Altars:
Lugonu

Shops:
D:1 *

Annotations:
D:2 Natasha


Innate Abilities, Weirdness & Mutations

You have temporarily grown beastly horns and talons.
You have very sharp teeth.
Your uncanny sense of smell can sniff out nearby items.
Your experience applies equally to all skills.


Message History

Your Crossbows skill increases to level 1!
Your Throwing skill increases to level 1!
Your Armour skill increases to level 1!
Your Stealth skill increases to level 1!
Your Shields skill increases to level 1!
Your Evocations skill increases to level 1!
Your transformation is almost over.
Your horns disappear.
Your talons disappear.
Found a fuming white potion.
Natasha, Servant of Life and Death comes into view.
Natasha is nearby!
Casting: Beastly Appendage (safe; 4% risk of failure)
Press: ? - help, Q - select action, (/) - cycle Dir - look around, f - activate You grow a pair of large bovine horns.
Your feet morph into talons.
Natasha hisses angrily.
Natasha mumbles some strange words.
You closely miss Natasha. Your kick misses Natasha. You hit Natasha.
You claw Natasha.
Natasha is moderately wounded.
Natasha closely misses you. The white imp misses you.
You miss Natasha. Your headbutt misses Natasha.
Natasha is moderately wounded.
The white imp gestures at you. The puff of frost hits you.
Natasha barely misses you.
You hit Natasha.
Natasha is heavily wounded.
The white imp gestures at you. The puff of frost misses you.
Natasha misses you.
You miss Natasha. Your kick misses Natasha.
Natasha is heavily wounded.
The white imp gestures at you. The puff of frost hits you! Natasha claws you.
You closely miss Natasha. You claw Natasha.
Natasha is severely wounded.
The white imp hits you.
* * * LOW HITPOINT WARNING * * *
The white imp freezes you.
* * * LOW HITPOINT WARNING * * *
Natasha claws you!
You die...

.....#
#.#...........##.#.#.....
####.#
#..#.#.######.##.#.#..#..
#.......# #w##.#.#.....
##.#.#..# ..##.#.##.###
##...#.# .#.##.........
.#######.##.###.#......##.###
................### ..##.#
########.##.######..
#....@h...... ###.5..####..
#.!.## #####


You could see Natasha and a white imp (summoned).

Vanquished Creatures
  A worm (D:2)
  3 endoplasms
  2 giant cockroaches
  2 goblins (D:1)
  6 hobgoblins
  4 jackals (D:2)
  4 quokkas
  A ball python (D:2)
  7 bats
  3 frilled lizards
  4 kobolds
  8 rats
45 creatures vanquished.

Notes
Turn   | Place    | Note
-------+----------+-------------------------------------------
     0 | D:1      | thromnambular the Gnoll Transmuter began the quest for the
                  | Orb.
     0 | D:1      | Reached XP level 1. HP: 17/17 MP: 6/6
   575 | D:1      | Found Hatiprirchi's General Store.
   613 | D:1      | Reached XP level 2. HP: 18/23 MP: 7/7
   638 | D:1      | Learned a level 2 spell: Wereblood
   961 | D:1      | Found a faded altar of an unknown god.
   969 | D:1      | Became a worshipper of Lugonu the Unformed
   969 | D:1      | Reached * piety under Lugonu
   969 | D:1      | Reached ** piety under Lugonu
  1096 | D:1      | Reached XP level 3. HP: 26/28 MP: 7/9
  1240 | D:1      | Reached skill level 5 in Spellcasting
  1665 | D:2      | Reached skill level 1 in Invocations
  1937 | D:2      | Reached skill level 1 in Short Blades
  1937 | D:2      | Reached skill level 1 in Long Blades
  1937 | D:2      | Reached skill level 1 in Axes
  1937 | D:2      | Reached skill level 1 in Maces & Flails
  1937 | D:2      | Reached skill level 1 in Polearms
  1937 | D:2      | Reached skill level 1 in Staves
  1937 | D:2      | Reached skill level 1 in Slings
  1937 | D:2      | Reached skill level 1 in Bows
  1937 | D:2      | Reached skill level 1 in Crossbows
  1937 | D:2      | Reached skill level 1 in Throwing
  1937 | D:2      | Reached skill level 1 in Armour
  1937 | D:2      | Reached skill level 1 in Stealth
  1937 | D:2      | Reached skill level 1 in Shields
  1937 | D:2      | Reached skill level 1 in Evocations
  2013 | D:2      | Noticed Natasha
  2024 | D:2      | Slain by Natasha

Illustrated notes

Levels and vault maps discovered:
D:1:      minmay_arrival_four_houses, layout_loops_cross, serial_shops,
          nicolae_shop_statue_plus, hellmonk_ecumenical_altar_slurped_away
D:2:      layout_loops_ring, uniq_natasha, uniq_jessica

Skill      XL: |  1  2  3 |
---------------+----------+-----
Spellcasting   | 5 |  5.0
Invocations    | 1 |  1.0
Short Blades   | 1 |  1.0
Long Blades    | 1 |  1.0
Axes           | 1 |  1.0
Maces & Flails | 1 |  1.0
Polearms       | 1 |  1.0
Staves         | 1 |  1.0
Slings         | 1 |  1.0
Bows           | 1 |  1.0
Crossbows      | 1 |  1.0
Throwing       | 1 |  1.0
Armour         | 1 |  1.0
Stealth        | 1 |  1.0
Shields        | 1 |  1.0
Evocations     | 1 |  1.0
Fighting       | |  2.6
Dodging        | |  4.6
Unarmed Combat | |  6.5
Conjurations   | |  0.7
Hexes          | |  0.7
Summonings     | |  0.7
Necromancy     | |  0.7
Translocations | |  0.7
Transmutations | |  3.8
Fire Magic     | |  0.7
Ice Magic      | |  0.7
Air Magic      | |  0.7
Earth Magic    | |  0.7
Poison Magic   | |  0.7

Action                   || total
-------------------------++-------
Melee: Unarmed           ||   118
       Bite              ||     5
       Kick              ||    14
       Headbutt          ||     4
 Cast: Beastly Appendage ||    18
  Use: Scroll            ||     2
 Stab: Sleeping          ||     3
Armor: Robe              ||    15
Dodge: Dodged            ||    69
